 Dungeon Crawl Stone Soup version 0.19-a0-1268-g6c5d9f8 (webtiles) character file.

58 Amnesiac the Grave Robber (level 3, -3/24 HPs)
             Began as a Mummy Necromancer on Aug 29, 2016.
             Slain by an adder (4 damage)
             ... on level 3 of the Dungeon.
             The game lasted 00:03:51 (1414 turns).

Amnesiac the Grave Robber (Mummy Necromancer)       Turns: 1414, Time: 00:03:52

Health: -3/24      AC:  2    Str: 11    XL:     3   Next: 75%
Magic:  2/6        EV: 12    Int: 14    God:
Gold:   45         SH:  0    Dex: 13    Spells: 2 memorised, 3 levels left

rFire  x . .     SeeInvis .     (no weapon)
rCold  + . .     Gourm    .     a - +0 robe
rNeg   + + +     Faith    .     (no shield)
rPois  ∞         Spirit   .     (no helmet)
rElec  .         Dismiss  .     (no cloak)
rCorr  .         Reflect  .     (no gloves)
MR     .....     Harm     .     (no boots)
Stlth  ++........               (no amulet)
                                (no ring)
                                (no ring)

@: very slightly contaminated
A: no food or potions, fire vulnerability, cold resistance 1, negative energy
resistance 3, torment resistance, unbreathing
a: no special abilities


You were on level 3 of the Dungeon.
You were not hungry.

You visited 1 branch of the dungeon, and saw 4 of its levels.

You collected 45 gold pieces.

Inventory:

Armour
 a - a +0 robe (worn)
Scrolls
 c - a scroll of blinking
 d - a scroll of identify {unknown}
 e - a scroll of amnesia {unknown}
 f - a scroll of magic mapping {unknown}
 g - a scroll of fear {unknown}
Books
 b - a book of Necromancy

   Spells                             Type                      Level
   a - Pain                           Necromancy                   1
   b - Animate Skeleton               Necromancy                   1
   c - Vampiric Draining              Necromancy                   3
   d - Regeneration                   Charms/Necromancy            3
   e - Animate Dead                   Necromancy                   4
   f - Control Undead                 Necromancy                   4


   Skills:
 - Level 1.5 Dodging
 - Level 1.5 Stealth
 + Level 2.6 Spellcasting
 * Level 5.1 Necromancy


You had 3 spell levels left.
You knew the following spells:

 Your Spells              Type           Power        Failure   Level  Hunger
f - Vampiric Draining     Necr           ###.......   10%         3    N/A
z - Pain                  Necr           ###.         2%          1    N/A

Dungeon Overview and Level Annotations

Branches:
Dungeon (4/15)
 Temple: D:4-7

Altars:


Innate Abilities, Weirdness & Mutations

You do not eat or drink.
Your flesh is vulnerable to fire.
You are immune to poison.
Your flesh is cold resistant. (rC+)
You are immune to negative energy. (rN+++)
You are immune to unholy pain and torment.
You can survive without breathing.


Message History

Aiming: Vampiric Draining
Press: ? - help, Shift-Dir - straight line, f - adder
Aim: an adder You miscast Vampiric Draining.
You are very lightly contaminated with residual magic.
Your bandages flutter.
The adder bites you.
* * * LOW HITPOINT WARNING * * *
Blink to where?
Press: ? - help, Dir - move target cursor, p - adder
As you read the scroll labeled ESOICKE CETEF, it crumbles to dust.
It was a scroll of blinking.
The adder bites you.
* * * LOW HITPOINT WARNING * * *
The adder bites you.
* * * LOW HITPOINT WARNING * * *
The adder bites you but does no damage. The adder bites you.
* * * LOW HITPOINT WARNING * * *
The adder bites you.
You die...

..# #. #. .# #(# '###...# ..#
.)....# ..# . .. #...#.# ..# .
..## #...#.# .###. ....% .....#
.##.# #....# #...# ..#.#
#.##.########## #.>..
..#.###.##.##...@S..# #..##
..#........##.#####.# #.###..##
.............># #.#####........
..#.#.#.##.#### #....######.##.
............## ####.######'##.
######.##....# #....#≈≈.≈#
#......##.#..# #.##.')♣.≈#
#.####.......#########.####≈.♣.+
#...####............# #≈.≈≈#


You could see an adder.

Vanquished Creatures
  2 adders
  An adder zombie (D:1)
  A worm (D:3)
  2 giant geckos (D:3)
  5 orcs (D:3)
  2 bats (D:1)
  2 giant cockroaches
  2 goblins (D:3)
  4 hobgoblins
  A ball python zombie (D:1)
  A giant newt (D:1)
  2 kobolds
  A quokka skeleton (D:3)
  A rat (D:2)
27 creatures vanquished.

Notes
Turn   | Place    | Note
-------+----------+-------------------------------------------
     0 | D:1      | Amnesiac the Mummy Necromancer began the quest for the Orb.
     0 | D:1      | Reached XP level 1. HP: 13/13 MP: 3/3
   502 | D:1      | Reached XP level 2. HP: 19/19 MP: 3/5
   844 | D:2      | Reached XP level 3. HP: 24/24 MP: 2/6
   849 | D:2      | Learned a level 3 spell: Vampiric Draining
  1109 | D:3      | Reached skill level 5 in Necromancy
  1410 | D:3      | HP: 1/24 [adder (3)]
  1414 | D:3      | Slain by an adder

Vault maps used:
D:1:      saegor_arrival_fortress, minmay_unequal
D:2:      amethyst_killhole, kennysheep_generic_room_9
D:3:      lemuel_doored_altar, kennysheep_generic_room_14, uniq_natasha
D:4:      first_bread

Skill      XL: |  1  2  3 |
---------------+----------+-----
Necromancy     | 5 |  5.1
Dodging        | |  1.5
Stealth        | |  1.5
Spellcasting   | |  2.6

Action                   || total
-------------------------++-------
Melee: Unarmed           ||    30
 Cast: Pain              ||    68
  Use: Scroll            ||     1
Armor: Robe              ||    15
Dodge: Dodged            ||    47
